 Dungeon Crawl Stone Soup version 0.13.1-28-g3517093 (webtiles) character file.

302 CrazyArbalest the Bolt Thrower (level 5, 38/38 HPs)
             Began as a Demonspawn Hunter on Mar 15, 2014.
             Quit the game on Level 3 of the Dungeon.
             The game lasted 00:12:43 (2517 turns).

CrazyArbalest the Bolt Thrower (Demonspawn Hunter)  Turns: 2517, Time: 00:12:43

HP  38/38        AC  3     Str 13      XL: 5   Next:  4%
MP   4/4         EV 11     Int 12      God:
Gold 159         SH  0     Dex 14      Spells:  0 memorised,  4 levels left

Res.Fire  : . . .   See Invis. : .   b - +1 crossbow
Res.Cold  : . . .   Warding    : .   k - +0 elf leather armour
Life Prot.: . . .   Conserve   : .   (no shield)
Res.Poison: .       Res.Corr.  : .   (no helmet)
Res.Elec. : .       Clarity    : .   (no cloak)
Sust.Abil.: . .     Spirit.Shd : .   (no gloves)
Res.Mut.  : .       Stasis     : .   (no boots)
Res.Rott. : .       Flight     : .   (no amulet)
Saprovore : . . .                    (no ring)
                                     (no ring)

@: slightly resistant to hostile enchantments, stealthy
A: nightstalker 1, powered by death 2
a: no special abilities


You were on level 3 of the Dungeon.
You were not hungry.

You visited 1 branch of the dungeon, and saw 3 of its levels.

You collected 139 gold pieces.

Inventory:

Hand weapons
 a - a +1,+0 orcish whip of venom
 b - a +1,+1 crossbow (weapon)
 z - a -1,+0 orcish mace
 B - a -1,+1 orcish mace
Missiles
 c - 22 bolts (quivered)
Armour
 d - a +0 leather armour
 k - a +0 elven leather armour (worn)
 o - a +1 ring mail
 t - a +1 leather armour
 A - a +2 orcish leather armour
 C - a +0 orcish leather armour
Comestibles
 f - 4 bread rations
 i - 7 strawberries
 n - a beef jerky
 p - a chunk of hobgoblin flesh
 r - a choko
 D - a rotting chunk of orc flesh
 E - a rotting chunk of giant gecko flesh
 F - a rotting chunk of goblin flesh
Scrolls
 e - 6 scrolls of identify {unknown}
 h - 4 scrolls of teleportation {unknown}
 j - a scroll of amnesia {unknown}
 q - a scroll of curse weapon {unknown}
Jewellery
 l - a cursed amulet of rage {unknown}
 y - an uncursed amulet of the gourmand {unknown}
Potions
 g - a potion of mutation {unknown}
 m - 2 potions of flight {unknown}
 s - a potion of agility {unknown}
 u - 2 potions of brilliance {unknown}


   Skills:
 + Level 1.2 Fighting
   Level 0.1 Short Blades
 * Level 0.8 Maces & Flails
 + Level 4.7 Crossbows
 + Level 1.6 Armour
 + Level 2.5 Dodging
 + Level 1.2 Stealth


You had 4 spell levels left.
You didn't know any spells.

Dungeon Overview and Level Annotations

Branches:
Dungeon (3/27)

Altars:
Nemelex Xobeh


Innate Abilities, Weirdness & Mutations

You are slightly more attuned to the shadows.
You can steal the life force of defeated enemies.


Message History

You hit the bat.
You kill the bat!
Things that are here:
an orcish club; a hobgoblin corpse You start butchering the hobgoblin corpse with your knife.
You continue butchering the corpse.
You stop butchering the corpse.
An adder comes into view.
Wield which item (- for none, * to show all)? (? for menu, Esc to quit)
Your +1,+0 orcish whip of venom stops dripping with poison.
b - a +1,+1 crossbow (weapon)
Firing (i - inventory):
c - 23 bolts (quivered)
Press: ? - help, Shift-Dir - straight line, f - adder
Aim: an adder (hasn't noticed you)
You shoot a bolt. The bolt hits the adder.
You kill the adder!
You have reached level 5!
Your demonic ancestry asserts itself...
You slip into the darkness of the dungeon.
Are you sure you want to abandon this character and quit the game? (Confirm with "yes".)

... ......... .
#.......... .
#........... .
#............ ..
#............ ..
#............ ..
#............. ...
#@# ## ##'##
#...##### #...#...#
## #...#...# #.
####'##...##########.
#.....#...##.......#.
#.....#...##.........
#.....#...##.........


There were no monsters in sight!

Vanquished Creatures
  An orc wizard (D:3)
  4 adders
  2 giant mites (D:2)
  An inept feature mimic (D:3)
  A worm (D:2)
  2 oozes (D:1)
  4 orcs (D:3)
  A ball python (D:1)
  3 bats
  2 giant cockroaches
  6 hobgoblins
  2 kobolds (D:2)
  4 giant geckos
  4 giant newts
  5 goblins
  A quokka (D:3)
  5 rats
48 creatures vanquished.

Notes
Turn   | Place    | Note
--------------------------------------------------------------
     0 | D:1      | CrazyArbalest, the Demonspawn Hunter, began the quest for the Orb.
     0 | D:1      | Reached XP level 1. HP: 16/16 MP: 0/0
   142 | D:1      | Reached skill level 4 in Crossbows
   146 | D:1      | Gained mutation: You can steal the life force of nearby defeated enemies. [demonic ancestry]
   146 | D:1      | Reached XP level 2. HP: 22/22 MP: 1/1
   873 | D:2      | Found a sparkling altar of Nemelex Xobeh.
   907 | D:2      | Reached skill level 1 in Stealth
   927 | D:2      | Gained mutation: You can steal the life force of defeated enemies. [demonic ancestry]
   927 | D:2      | Reached XP level 3. HP: 24/27 MP: 2/2
  1621 | D:2      | Reached skill level 1 in Armour
  1624 | D:2      | Reached XP level 4. HP: 26/33 MP: 3/3
  2516 | D:3      | Gained mutation: You are slightly more attuned to the shadows. [demonic ancestry]
  2516 | D:3      | Reached XP level 5. HP: 38/38 MP: 4/4
  2517 | D:3      | Quit the game

Action                   |  1- 3 |  4- 6 || total
-------------------------+-------+-------++-------
Melee: Short sword       |    83 |    39 ||   122
       Whip              |       |    17 ||    17
       Mace              |       |    13 ||    13
 Fire: Crossbow          |    38 |    17 ||    55
